 Dungeon Crawl Stone Soup version 0.26-a0-810-ge1a9524b62 (webtiles) character file.

Game seed: 1312611738291171667

67 lunkers the Chiller (level 4, -6/30 HPs)
             Began as a Merfolk Ice Elementalist on Nov 12, 2020.
             Killed from afar by Robin (9 damage)
             ... with a puff of flame
             ... on level 2 of the Dungeon.
             The game lasted 00:03:08 (1723 turns).

lunkers the Chiller (Merfolk Ice Elementalist)      Turns: 1723, Time: 00:03:09

Health: -6/30      AC:  2    Str:  8    XL:     4   Next: 18%
Magic:  2/8        EV: 13    Int: 15    God:
Gold:   61         SH:  0    Dex: 14    Spells: 1/8 levels left

rFire    . . .     SeeInvis .   f - +0 dagger
rCold    . . .     Faith    .   (no shield)
rNeg     . . .     Spirit   .   a - +0 robe
rPois    .         Reflect  .   (no helmet)
rElec    .         Harm     .   (no cloak)
rCorr    .         Rampage  .   (no gloves)
MR       .....                  (no boots)
Stlth    ++........             (no amulet)
HPRegen  0.10/turn              (no ring)
MPRegen  0.11/turn              (no ring)

@: no status effects
A: change form in water, swift swim, stealthy swim
a: no special abilities


You were on level 2 of the Dungeon.
You visited 1 branch of the dungeon, and saw 2 of its levels.

You collected 61 gold pieces.

Inventory:

Hand Weapons
 f - a +0 dagger (weapon)
Armour
 a - a +0 robe (worn)
Scrolls
 b - a scroll of identify {unknown}
 c - a scroll of magic mapping {unknown}
 g - a scroll of enchant weapon {unknown}
Potions
 d - 2 potions of might {unknown}
 e - 2 potions of brilliance {unknown}
 h - a potion of curing {unknown}


   Skills:
 - Level 2.6 Dodging
 - Level 2.1 Stealth
 + Level 2.7 Spellcasting
 * Level 5.6 Ice Magic


You had one spell level left.
You knew the following spells:

 Your Spells              Type           Power        Failure   Level
a - Freeze                Ice            ###.         1%          1
b - Frozen Ramparts       Ice            ###...       6%          3
c - Ozocubu's Armour      Ice            ###.....     6%          3

Your spell library contained the following spells:

 Spells                   Type           Power        Failure   Level
 Hailstorm                Conj/Ice       ##......     54%         4
 Summon Ice Beast         Ice/Summ       ##......     54%         4


Dungeon Overview and Level Annotations

Branches:
Dungeon (2/15)

Altars:

Annotations:
D:2 Robin


Message History

The spell is quite dangerous to cast (6% risk of failure)!
Continue anyway?
The walls around you are covered in ice.
* * * LOW MAGIC WARNING * * *
The goblin no longer looks unusually strong.
The wall freezes the goblin.
You kill the goblin!
You have reached level 4!
The wall freezes the hobgoblin.
Robin says, "A pitiful Merfolk like you will never find the ORB!"
The wall freezes the adder.
The adder seems to slow down.
The wall freezes the hobgoblin.
You kill the hobgoblin!
The wall freezes the adder!
You kill the adder!
The wall freezes Robin.
The wall freezes Robin.
The wall freezes Robin.
The frozen ramparts melt away.
Robin zaps a wand.
The puff of flame hits you!
You die...

##########.#...÷........#.#
###........#..............#.#
#...........g.............#.#
#.........................#.#
#.........#...............#.#
#.........#.............##...
#.....†.................##...
#.........#.............##...
#.........#.@.......÷...##...
#.........#.............##...
###.#.######.#..........##...
#.#.######.#..........##...
#.#.#......#..........##...
#.#.#.######..........##...
#.#.#.######..........##...
#.#.#.....<#..........##...
#.#.########..........##...


You could see Robin.

Vanquished Creatures
  2 adders (D:2)
  A dart slug (D:1)
  A leopard gecko (D:1)
  7 bats
  A giant cockroach (D:2)
  6 hobgoblins
  2 quokkas (D:2)
  A ball python (D:1)
  6 frilled lizards
  14 goblins
  2 kobolds (D:1)
  2 rats (D:1)
45 creatures vanquished.

Notes
Turn   | Place    | Note
-------+----------+-------------------------------------------
     0 | D:1      | lunkers the Merfolk Ice Elementalist began the quest for
                  | the Orb.
     0 | D:1      | Reached XP level 1. HP: 13/13 MP: 3/3
   217 | D:1      | Reached XP level 2. HP: 19/19 MP: 1/5
   548 | D:1      | Reached skill level 5 in Ice Magic
   628 | D:1      | Reached XP level 3. HP: 24/24 MP: 0/6
   995 | D:2      | Noticed Robin
  1440 | D:2      | Learned a level 3 spell: Frozen Ramparts
  1444 | D:2      | Learned a level 3 spell: Ozocubu's Armour
  1704 | D:2      | HP: 1/24 [Robin/puff of flame (13)]
  1715 | D:2      | Reached XP level 4. HP: 2/30 MP: 1/8
  1723 | D:2      | Killed from afar by Robin

Illustrated notes

Levels and vault maps discovered:
D:1:      lemuel_arrival_cross, layout_basic
D:2:      layout_basic, uniq_robin

Skill      XL: |  1  2 |
---------------+-------+-----
Ice Magic      | 5 |  5.6
Dodging        | |  2.6
Stealth        | |  2.1
Spellcasting   | |  2.7

Action                   |  1- 3 |  4- 6 || total
-------------------------+-------+-------++-------
Melee: Unarmed           |     8 |       ||     8
       Dagger            |     1 |       ||     1
 Cast: Freeze            |    63 |       ||    63
       Frozen Ramparts   |     1 |       ||     1
Armor: Robe              |    19 |       ||    19
Dodge: Dodged            |    62 |       ||    62

Table legend: (Time is in decaauts)
 A = Elapsed time spent in this place.
 B = Non-inter-level travel time spent in this place.
 C = Inter-level travel time spent in this place.
 D = Time resting spent in this place.
 E = Time spent auto-exploring this place.
 F = Levels seen in this place.
 G = Mean time per level.
                   A        B        C        D        E       F      G
               +--------+--------+--------+--------+--------+-----+--------+
         Total |   1724 |   1651 |     73 |    187 |   1161 |   2 |  862.0 |
       Dungeon |   1724 |   1651 |     73 |    187 |   1161 |   2 |  862.0 |
               +--------+--------+--------+--------+--------+-----+--------+

Top non-repeatable levels by time:
     D:1: 1235 daAuts
     D:2: 489 daAuts
